Workbook
Name Decision: [1]lista!$A$6:$A$7
Name Decision: [2]lista!$A$6:$A$7
Name PARTICIPACION: [1]lista!$A$15:$A$17
Name PARTICIPACION: [2]lista!$A$15:$A$17
Name Procedencia: [1]lista!$A$2:$A$3
Name Procedencia: [2]lista!$A$2:$A$3
Name tipo: [1]lista!$A$11:$A$13
Name tipo: [2]lista!$A$11:$A$13
Name x: [3]lista!$A$11:$A$13

Sheet INFO GENERAL Y FINANCIERA
B8: Formato Información General Y Financiera De Proveedores
B10: Ciudad | M10: Fecha Dd/mm/aa | AD10: Persona Natural
AD11: Persona Jurídica
B12: 1. Información General
B13: 1.1. Identificación.
B14: Personas naturales | F14: Nombre Comercial | U14: Nombres y Apellidos | AK14: Cédula
B16: Personas jurídicas | F16: Razón Social | U16: NIT | AK16: DV
B18: Dirección | U18: Teléfono | AD18: Fax | AK18: Ciudad
B20: Pagina Web | U20: Años de Constitución | AD20: Sector al que pertenece
B22: 1.2. Personas De Contacto
B23: Gerente General | K23: E-mail | U23: Teléfono | AD23: Ext. | AK23: Celular
B25: Director Comercial | K25: E-mail | U25: Teléfono | AD25: Ext. | AK25: Celular
B27: Asesor Comercial | K27: E-mail | U27: Teléfono | AD27: Ext. | AK27: Celular
B29: 1.3. Productos Y Servicios Inscritos En El Rup De Acuerdo Con El Unspsc
B30: Incluir Listado Con Breve Descripción De Los Productos Y/o Servicios Que Ofrece La Compañía, Registrados En El Rup (agregue Las Filas Necesarias) | AK30: Código de Naciones Unidas
B36: 1.4. Códigos CIIU | AK36: 1.5. Número De Empleados
B37: Código De Actividad | F37: Descripción Actividad Económica CIIU | AD37: Tarifa ICA
B41: 2. Información Financiera - A Diciembre 31 De 2013
B42: Nombre Del Indicador | M42: Cuenta | U42: Valores En Pesos | AD42: Indicador
B43: Capacidad Financiera | F43: índice De Liquidez | M43: Activo Corriente --> | AD43: =+IFERROR(U43/U44,0) -> 0 | AK43: Veces
M44: Pasivo Corriente -->
F45: Índice De Endeudamiento | M45: Pasivo Total--> | AD45: =+IFERROR(U45/U46,0) -> 0 | AK45: Porcentaje
M46: Activo Total-->
F47: Razón De Cobertura De Intereses | M47: Utilidad Operacional--> | AD47: =+IFERROR(U47/U48,0) -> 0 | AK47: Veces
M48: Gastos De Interés-->
B49: Capacidad Organizacional | F49: Rentabilidad Del Patrimonio | M49: Utilidad Operacional--> | AD49: =+IFERROR(U49/U50,0) -> 0 | AK49: Porcentaje
M50: Patrimonio-->
F51: Rentabilidad Del Activo | M51: Utilidad Operacional--> | AD51: =+IFERROR(U51/U52,0) -> 0 | AK51: Porcentaje
M52: Activo Total-->
B53: Nota: Para las empresas inspeccionadas, vigiladas o controladas por la Supersociedades, la información consignada en este numeral será validada con la reportada a la Supersociedades y disponible para consulta en Internet mediante el Sistema de Información y Riesgo Empresarial de la Supersociedades (SIREM). Si se evidencian diferencias en los valores consignados en este formato y los reportados a la Supersociedades se tomará como referencia la información del SIREM.
B54: Otra información relevante de la empresa (consigne en este espacio otra información que considere de interés)

Sheet RESUMEN
B7: RESUMEN COSTOS PRODUCCIÓN Y DISTRIBUCION DE LOS ELEMENTOS QUE HACEN PARTE DEL KIT DE INSTRUMENTOS MUSICALES
B8: EMPRESA: | C8: =+#REF! -> #REF! | E8: NIT: | F8: =+#REF! -> #REF! | H8: FECHA: | I8: =+#REF! -> #REF!
B9: CONTACTO | C9: =+#REF! -> #REF! | E9: CARGO: | F9: =+#REF! -> #REF! | H9: TEL. CELULAR : | I9: =+#REF! -> #REF!
B10: E-MAIL: | C10: =+#REF! -> #REF! | E10: DIRECCIÓN: | F10: =+#REF! -> #REF! | H10: TELEFONO FIJO: | I10: =+#REF! -> #REF!
B12: Zonas | C12: Cantidad de kits | D12: Costo unitario kit IVA incluido | E12: Costo total kit IVA incluido | F12: Costo unitario de distribución por kit | G12: Costo total de distribución por kit | H12: Costo unitario kit + distribución IVA inlcuido | I12: Costo total kit + distribución IVA inlcuido
B13: Zona 1 | C13: 11977 | D13: =+#REF! -> #REF! | E13: =+D13*C13 -> #REF! | F13: =+#REF! -> #REF! | G13: =+F13*C13 -> #REF! | H13: =+D13+F13 -> #REF! | I13: =+E13+G13 -> #REF!
B14: Zona 2 | C14: 11833 | D14: =+#REF! -> #REF! | E14: =+D14*C14 -> #REF! | F14: =+#REF! -> #REF! | G14: =+F14*C14 -> #REF! | H14: =+D14+F14 -> #REF! | I14: =+E14+G14 -> #REF!
B15: Zona 3 | C15: 11509 | D15: =+#REF! -> #REF! | E15: =+D15*C15 -> #REF! | F15: =+#REF! -> #REF! | G15: =+F15*C15 -> #REF! | H15: =+D15+F15 -> #REF! | I15: =+E15+G15 -> #REF!
B16: Zona 4 | C16: 9096 | D16: =+#REF! -> #REF! | E16: =+D16*C16 -> #REF! | F16: =+#REF! -> #REF! | G16: =+F16*C16 -> #REF! | H16: =+D16+F16 -> #REF! | I16: =+E16+G16 -> #REF!
B17: Zona 5 | C17: 3665 | D17: =+#REF! -> #REF! | E17: =+D17*C17 -> #REF! | F17: =+#REF! -> #REF! | G17: =+F17*C17 -> #REF! | H17: =+D17+F17 -> #REF! | I17: =+E17+G17 -> #REF!
B18: Zona 6 | C18: 2568 | D18: =+#REF! -> #REF! | E18: =+D18*C18 -> #REF! | F18: =+#REF! -> #REF! | G18: =+F18*C18 -> #REF! | H18: =+D18+F18 -> #REF! | I18: =+E18+G18 -> #REF!
B19: TOTALES | C19: =SUM(C13:C18) -> 50648 | E19: =SUM(E13:E18) -> #REF! | G19: =SUM(G13:G18) -> #REF!
B20: COSTO TOTAL DE LOS KITS | I20: =+E19+G19 -> #REF!

Sheet Estantería  Fija
B10: COTIZACIÓN -SUMINISTRO E INSTALACIÓN DE ESTANTERÍAS FIJAS
B13: EMPRESA: | F13: NIT: | I13: FECHA:
B14: CONTACTO | F14: CARGO: | I14: TEL. CELULAR :
B15: E-MAIL: | F15: DIRECCIÓN: | I15: TELEFONO FIJO:
B17: Instrucciones para el diligenciamiento del formato de cotización
B18: • Por favor diligenciar solo las celdas en AMARILLO. Se deben llenar todas las casillas. • Revisar todos los requerimientos que se exponen en el documento "Ficha de Condiciones Técnicas" y Anexos; y formular su cotización en concordancia con este. • Asignar la tarifa de IVA que corresponda en las celdas de la columna "E" y asignar precio sin incluir el IVA en las celdas de la columna "F" para la estantería y en las celdas de la columna "G" para la instalación y distribución. • El valor de la cotización deber ser expresado en PESOS COLOMBIANOS. • Los valores unitarios deberán aproximarse por exceso o por defecto al entero más cercano. Si la cifra no está aproximada y aparece con centavos, el ICBF aproximará al entero inferior. • No modificar, agregar o quitar ningún ítem o sub-ítem.
B19: Nota (1): Las estanterías deben ser suministradas, instaladas y distribuidas de acuerdo con lo estipulado en la hoja "SITIOS DE ENTREGA"
B20: COSTO SUMINISTRO, INSTALACIÓN Y DISTRIBUCIÓN DE ESTANTERÍAS FIJAS
B21: Departamento | D21: Cantidad de estanterías | E21: Tarifa IVA (%) | F21: Valor unitario estantería sin IVA | G21: Valor Unitario distribución e instalación sin IVA | H21: Valor Unitario estanteria, distribución e instalación sin IVA | I21: Valor Unitario estanteria, distribución e instalación IVA incluido | J21: Valor total sin IVA | K21: Valor total IVA incluido
B22: 1 | C22: Boyacá | D22: 136 | H22: =+F22+G22 -> 0 | I22: =+ROUND(H22*(1+E22),0) -> 0 | J22: =+H22*D22 -> 0 | K22: =+I22*D22 -> 0
B23: 2 | C23: Norte de Santander | D23: 66 | H23: =+F23+G23 -> 0 | I23: =+ROUND(H23*(1+E23),0) -> 0 | J23: =+H23*D23 -> 0 | K23: =+I23*D23 -> 0
B24: 3 | C24: Cesar | D24: 20 | H24: =+F24+G24 -> 0 | I24: =+ROUND(H24*(1+E24),0) -> 0 | J24: =+H24*D24 -> 0 | K24: =+I24*D24 -> 0
B25: 4 | C25: Putumayo | D25: 20 | H25: =+F25+G25 -> 0 | I25: =+ROUND(H25*(1+E25),0) -> 0 | J25: =+H25*D25 -> 0 | K25: =+I25*D25 -> 0
B26: 5 | C26: Meta | D26: 50 | H26: =+F26+G26 -> 0 | I26: =+ROUND(H26*(1+E26),0) -> 0 | J26: =+H26*D26 -> 0 | K26: =+I26*D26 -> 0
B27: 6 | C27: Valle del Cauca | D27: 12 | H27: =+F27+G27 -> 0 | I27: =+ROUND(H27*(1+E27),0) -> 0 | J27: =+H27*D27 -> 0 | K27: =+I27*D27 -> 0
B28: 7 | C28: Guajira | D28: 30 | H28: =+F28+G28 -> 0 | I28: =+ROUND(H28*(1+E28),0) -> 0 | J28: =+H28*D28 -> 0 | K28: =+I28*D28 -> 0
B29: 8 | C29: Bogotá | D29: 64 | H29: =+F29+G29 -> 0 | I29: =+ROUND(H29*(1+E29),0) -> 0 | J29: =+H29*D29 -> 0 | K29: =+I29*D29 -> 0
B30: 9 | C30: Antioquia | D30: 10 | H30: =+F30+G30 -> 0 | I30: =+ROUND(H30*(1+E30),0) -> 0 | J30: =+H30*D30 -> 0 | K30: =+I30*D30 -> 0
B31: TOTAL | D31: =SUM(D22:D30) -> 408 | J31: =SUM(J22:J30) -> 0 | K31: =SUM(K22:K30) -> 0
B33: La presente cotización:
B34: • Incluye todos los costos y gastos directos e indirectos en que debe incurrir el contratista durante la ejecución del contrato de acuerdo con las especificaciones de la Ficha de Condiciones Técnicas, las obligaciones tributarias de acuerdo con las normas aplicables para el tipo de servicio y contrato correspondiente, y los costos de las pólizas. • Se remite como parte del estudio de mercado, previo a la contratación, y no implica ninguna obligación de contratar. • Tiene una vigencia de 90 días a partir de la fecha de diligenciamiento.
B35: Inscripción en el Registro Único de Proponentes: Las personas naturales y jurídicas, nacionales o extranjeras, con domicilio en Colombia, interesadas en participar en procesos de contratación convocados por las entidades estatales, deben estar inscritas en el RUP, salvo las excepciones previstas de forma taxativa en la ley (Artículo 8 del Decreto 1510 de 2013). Se aclara que esta inscripción no se requiere para remitir cotización durante el estudio de mercado.

Sheet Sitios de entrega
B11: SITIOS DE ENTREGA
B12: Deparetamento/Regionales/Centros Zonales | E12: Ciudad/Municipio | F12: Dirección | G12: Cantidad por Regional/CZ | H12: Cantidad por departamento
B13: 1 | C13: Boyacá | D13: Regional Boyacá | E13: Tunja | F13: Kilometro 3 vía Paipa | G13: 30 | H13: =SUM(G13:G17) -> 136
B14: 2 | D14: Centro Zonal Tunja 1 | E14: Tunja | F14: Carrera 11 No. 7-39 | G14: 40
B15: 3 | D15: Centro Zonal Tunja 2 | E15: Tunja | F15: Calle 22 No. 9-22 | G15: 20
B16: 4 | D16: Centro Zonal Moniquira | E16: Moniquirá | F16: Carrera 12 No.18-30 | G16: 6
B17: 5 | D17: Centro Zonal Sogamoso | E17: Sogamoso | F17: Carrera 9 No. 11-41 | G17: 40
B18: 6 | C18: Norte de Santander | D18: Regional Norte de Santander | E18: Cúcuta | F18: Calle 5 AN Av. 13E San Eduardo | G18: 50 | H18: =SUM(G18:G20) -> 66
B19: 7 | D19: Centro Zonal Pamplona | E19: Pamplona | F19: Calle 5 No.7-81 Barrio Santo Domingo | G19: 6
B20: 8 | D20: Centro Zonal Cucuta 2 | E20: Cúcuta | F20: Avenida 1 No. 7-39 Barrio Latino | G20: 10
B21: 9 | C21: Cesar | D21: Centro Zonal Chiriguaná | E21: Chiriguaná | F21: Calle 8 No. 8-51 calle central | G21: 20 | H21: =G21 -> 20
B22: 10 | C22: Putumayo | D22: Regional Putumayo | E22: Mocoa | F22: Calle 14 No. 9-100 Barrio San Francisco | G22: 20 | H22: =G22 -> 20
B23: 11 | C23: Meta | D23: Regional Meta | E23: Villavicencio | F23: Carrera 40 No.37-103 | G23: 50 | H23: =G23 -> 50
B24: 12 | C24: Valle del Cauca | D24: Centro Zonal Yumbo | E24: Yumbo | F24: Carrera 4 No.1B-07 | G24: 12 | H24: =G24 -> 12
B25: 13 | C25: Guajira | D25: Regional Guajira | E25: Riohacha | F25: Calle 15 cra. 15, esquina Av. al aeropuerto | G25: 30 | H25: =G25 -> 30
B26: 14 | C26: Cundinamarca | D26: Regional Cundinamarca | E26: Bogotá | F26: Calle 53 No. 6-11 | G26: 50 | H26: =SUM(G26:G28) -> 64
B27: 15 | D27: Centro Zonal Martires | E27: Bogotá | F27: Calle 13 No. 31-04 barrio pensilvania | G27: 4
B28: 16 | D28: Centro Zonal Fontibón | E28: Bogotá | F28: Calle 23d No. 100-35 barrio Santander | G28: 10
B29: 17 | C29: Antioquia | D29: Centro Zonal Dabeiba | E29: Dabeiba | F29: Carrera Uribe Uribe No. 10-86 | G29: 10 | H29: =G29 -> 10
B30: TOTAL | G30: =SUM(G13:G29) -> 408 | H30: =SUM(H13:H29) -> 408

Sheet POLIZAS
B9: CONCEPTOS A TENER EN CUENTA PARA REALIZAR LA COTIZACIÓN DE KIST DE INSTRUMENTOS MUSICALES
B12: El presente cuadro es de carácter informativo, no se debe diligenciar. Sin embargo se entiende que la cotización incluye la totalidad de los conceptos relacionados a continuación.
B14: POLIZAS PARA LEGALIZACIÓN DEL CONTRATO
B16: CONCEPTO | D16: COBERTURA | E16: PLAZO (En Meses)
B17: Garantía de Seriedad de la oferta | D17: 0.1 | E17: Plazo de Ejecución
B18: Cumplimiento | D18: 0.2 | E18: Plazo de ejecución + 4 meses mas
B19: Salarios, Prestaciones | D19: 0.1 | E19: Plazo de ejecución + 36 meses mas
B20: Calidad de los Servicios | D20: 0.2 | E20: Plazo de ejecución + 4 meses mas
B21: Responsabilidad civil extracontraactual | D21: 0.1 | E21: Plazo de Ejecución
B22: Cobertura: Corresponde al porcentaje del valor total del contrato a amparar.

Sheet INFO EXPERIENCIA
B9: EXPERIENCIA EN CONTRATACIÓN EN LOS ÚLTIMOS 5 AÑOS
B11: Empresa: | C11: =IF('Estantería Fija'!D13="","",'Estantería Fija'!D13) | G11: Nit: | H11: =IF('Estantería Fija'!G13="","",'Estantería Fija'!G13) | L11: Fecha: | M11: =IF('Estantería Fija'!J13="","",'Estantería Fija'!J13)
B12: Contacto: | C12: =IF('Estantería Fija'!D14="","",'Estantería Fija'!D14) | G12: Cargo: | H12: =IF('Estantería Fija'!G14="","",'Estantería Fija'!G14) | L12: Tel. celular: | M12: =IF('Estantería Fija'!J14="","",'Estantería Fija'!J14)
B13: E-Mail: | C13: =IF('Estantería Fija'!D15="","",'Estantería Fija'!D15) | G13: Dirección: | H13: =IF('Estantería Fija'!G15="","",'Estantería Fija'!G15) | L13: Tel. fijo: | M13: =IF('Estantería Fija'!J15="","",'Estantería Fija'!J15)
B15: Con el fin de conocer la experiencia con la que cuentan las empresas del sector relacionada con el objeto del presente estudio de mercado, agradecemos diligenciar el cuadro que sigue con base en los contratos suscritos en los últimos 5 años, cuyos objetos están relacionados con el objeto del presente estudio de mercado
B17: Tipo de entidad | C17: Entidad o Empresa | D17: Numero del contrato | E17: Objeto del contrato | F17: Fecha de suscripción (dd/mmm/aa) | G17: Plazo de ejecución (en años) | H17: Forma de participación (UT, consorcio, individual) | I17: % de participación | J17: Valor total ejecutado del contrato (de acuerdo con el % de participación) | K17: El contrato incluyó la producción de instrumentos musicales? | L17: En caso que el contrato no incluyera la producción de instrumentos musicales, por favor indique que tipo de material Didáctico incluia. | M17: Cantidad de elementos incluidos en el contrato | N17: El contrato incluyó distribución de los elementos a 2 o más municipios?
B29: Nota: Agregar las filas necesarias para reportar la experiencia
